 Seeded DCSS version 0.29.0-11-gd7f09526c8 (webtiles) character file.

Game seed: 1 (custom seed)

30292 Kazon the Basher (level 12, -3/104 HPs)
             Began as a Demigod Fighter on Aug 31, 2022.
             Slain by a death yak (23 damage)
             ... on level 4 of the Lair of Beasts on Sept 6, 2022.
             The game lasted 00:54:38 (10816 turns).

Kazon the Basher (Demigod Fighter)                 Turns: 10816, Time: 00:54:38

Health: -3/104     AC: 10    Str: 25    XL:     12   Next: 89%
Magic:  15/15      EV: 13    Int: 10    God:
Gold:   577        SH:  6    Dex: 21    Spells: 11/11 levels left

rFire   . . .      SeeInvis .   q - +6 shillelagh "Devastator" {shatter}
rCold   . . .      Faith    .   c - +0 buckler
rNeg    . . .      Spirit   .   O - +0 troll leather armour
rPois   +          Reflect  .   l - +0 helmet
rElec   .          Harm     .   (no cloak)
rCorr   .          Rampage  .   (no gloves)
Will    +....                   m - +2 pair of boots
Stlth   ++........              J - amulet of regeneration
HPRegen 1.87/turn               h - +4 ring of slaying
MPRegen 0.14/turn               K - ring of poison resistance

@: studying Maces & Flails
A: high MP 1, forlorn, divine attributes
a: no special abilities


You were on level 4 of the Lair of Beasts.
You visited 2 branches of the dungeon, and saw 14 of its levels.

You collected 761 gold pieces.
You spent 184 gold pieces at shops.

Inventory:

Hand Weapons
 e - a +2 dagger of venom
 f - a +1 war axe of flaming
 q - the +6 shillelagh "Devastator" (weapon) {shatter}
   (You found it on level 6 of the Dungeon)

   It releases a powerful concussive burst when it strikes, dealing extra damage
   to the target and all other foes adjacent to them.
 s - the +3 falchion of Winter {venom, rCorr}
   (You bought it in a shop on level 3 of the Dungeon)

   It poisons the flesh of those it strikes.
   rCorr:     It protects you from acid and corrosion.
 v - a +1 demon whip of venom
Missiles
 j - 13 poisoned darts (quivered)
 k - 11 stones
 p - 9 boomerangs
 r - 3 throwing nets
 x - 3 curare-tipped darts
 G - 3 boomerangs of dispersal
Armour
 c - a +0 buckler (worn)
 l - a +0 helmet (worn)
 m - a +2 pair of boots (worn)
 y - the +0 plate armour of Eternity {rN++ Dex+7}
   (You acquired it on level 1 of the Dungeon)

   Dex:       It affects your dexterity (+7).
   rN:        It greatly protects you from negative energy.
 M - a +2 chain mail of cold resistance
 O - a +0 troll leather armour (worn)
Jewellery
 h - a +4 ring of slaying (left hand)
 J - an amulet of regeneration (around neck)
 K - a ring of poison resistance (right hand)
Wands
 w - a wand of flame (15)
 C - a wand of mindburst (20)
 E - a wand of roots (11)
 F - a wand of polymorph (8)
Scrolls
 i - a scroll of identify
 o - 2 scrolls of immolation {unknown}
 t - 2 scrolls of fog {unknown}
 u - a scroll of amnesia {unknown}
 A - 2 scrolls of vulnerability {unknown}
 D - 3 scrolls of blinking {unknown}
 L - 4 scrolls of enchant weapon {unknown}
 N - a scroll of enchant armour {unknown}
 P - 4 scrolls of fear {unknown}
 Q - 5 scrolls of teleportation
 R - a scroll of poison {unknown}
Potions
 a - 3 potions of ambrosia {unknown}
 b - 3 potions of haste
 d - a potion of might
 g - 3 potions of flight
 n - a potion of berserk rage
 z - a potion of mutation
 B - a potion of lignification
 H - 4 potions of curing
 I - 3 potions of heal wounds
 S - a potion of cancellation {unknown}


   Skills:
 + Level 9.1 Fighting
 + Level 2.8(5.0) Short Blades
 + Level 6.5(6.8) Long Blades
 + Level 5.6(8.3) Axes
 + Level 9.4(10.1) Maces & Flails
 + Level 6.1 Throwing
 + Level 7.9 Armour
 + Level 2.7 Dodging
 + Level 2.6 Stealth
 + Level 6.5 Shields
 * Level 8.9 Evocations


You had 11 spell levels left.
You didn't know any spells.
Your spell library contained the following spells:

 Spells                   Type           Power      Damage    Failure   Level
 Apportation              Tloc           0%         N/A       47%         1
 Necrotise                Necr           0%         1d4       47%         1
 Sting                    Tmut/Pois      0%         1d3       47%         1
 Summon Small Mammal      Summ           0%         N/A       47%         1
 Ensorcelled Hibernation  Hex/Ice        0%         N/A       63%         2
 Poisonous Vapours        Pois/Air       0%         N/A       63%         2
 Ignite Poison            Fire/Tmut/Pois 0%         N/A       85%         3
 Mephitic Cloud           Conj/Pois/Air  0%         N/A       85%         3
 Spider Form              Tmut/Pois      0%         N/A       85%         3
 Anguish                  Hex/Necr       0%         N/A       99%         4
 Olgreb's Toxic Radiance  Pois           0%         N/A       99%         4
 Freezing Cloud           Conj/Ice/Air   0%         6-21      100%        5


Dungeon Overview and Level Annotations

Branches:
Dungeon (10/15)            Temple (0/1) D:7            Lair (4/5) D:10
 Shoals (0/4) Lair:3       Spider (0/4) Lair:3
  Slime: Lair:4-5       Orc: D:9-12

Shops:
D:3 (   D:7 *   D:9 (

Annotations:
D:8 3 runed translucent doors, BubbleThief's ghost, novice GrEE; LynnLen's ghost, novice SpCj; PieDemon's ghost, novice MeFi; azobrab's ghost, novice TrFi; bubblehead52's ghost, novice MiFi
D:9 3 runed translucent doors, voltaire321's ghost, novice HOFi
Lair:2 1 runed translucent door, Qerunwas's ghost, novice VSTm
Lair:4 Ceyroiss's ghost, journeyman HuWn


Innate Abilities, Weirdness & Mutations

You have an increased reservoir of magic. (+10% MP)
You shall have no god before yourself.
Your divine heritage dramatically boosts your attributes as you level up.


Message History

You barely miss the death yak.
The death yak is heavily wounded.
The death yak misses you.
A death yak comes into view.
You hit the death yak.
The death yak shudders.
The death yak is severely wounded. x2
The death yak gores you!!
You sock the death yak!
The death yaks shudder.
The death yak is almost dead.
The death yak is moderately wounded.
The death yak is almost dead.
The death yak gores you!
You bludgeon the death yak!!
The death yak shudders.
The death yak is moderately wounded.
You kill the death yak!
You barely miss the death yak.
The death yak is moderately wounded.
The death yak snorts and paws the ground.
The death yak gores you!
* * * LOW HITPOINT WARNING * * *
You bludgeon the death yak!!
The death yaks shudder.
The death yak is almost dead.
The death yak is lightly wounded.
The death yak is almost dead.
You sock the death yak!
The death yaks shudder.
You kill the death yak!
The death yak is heavily wounded.
You barely miss the death yak.
The death yak is heavily wounded.
The death yak misses you.
You sock the death yak!
The death yaks shudder.
The death yak is severely wounded.
The death yak is lightly wounded.
The death yak is severely wounded.
The death yak gores you!
* * * LOW HITPOINT WARNING * * *
You hit the death yak.
The death yak shudders.
The death yak is almost dead. x2
The death yak gores you!!
You die...

##..##.......≈≈≈≈≈≈≈≈~.......#
#....##...Y..~≈~~~~≈≈~.P#....#
##....#.P.....~≈~..~~≈~.###...##
............##.~.>..~~~..#.....##
.......#.....#......~..~#.......P
.~~~.##......(...................
~~~~~#.P......(##................
P~~~.....=....YY##...............
~~~~...........#@##..............
~~~P....P##...######............P
PP~~...####...# ###.........##
≈~~~♣### ##..######.#.........#
≈≈~~♣ #...#....#.P.......## ≈≈≈~♣
##................#.# ≈≈~~♣
#................#### ~≈~♣♣
#.................#.# ~♣♣♣
#^...#.#P.....##P...#


You could see 2 death yaks.

Vanquished Creatures
  Snorg (Lair:4)
  A hydra (Lair:1)
  A boulder beetle (Lair:2)
  Erica (Lair:1)
  13 death yaks
  Amaemon (D:10)
  A wolf spider (Lair:2)
  4 black mambas
  An orange demon (D:10)
  2 unseen horrors
  2 gargoyles (D:8)
  Maggie (D:7)
  5 komodo dragons
  12 cane toads
  A merfolk (Lair:3)
  3 trolls
  A hornet (D:10)
  A slime creature (D:8)
  5 blink frogs (Lair:2)
  3 wyverns
  A vampire (D:10)
  Eustachio (D:4)
  A basilisk (Lair:1)
  5 yaks (D:8)
  2 steam dragons
  A vampire mosquito (D:8)
  4 redbacks (Lair:3)
  Duvessa (D:5)
  11 water moccasins
  3 orc warriors
  3 ice beasts
  3 black bears
  11 wolves
  2 centaurs (D:8)
  6 ogres
  2 phantoms
  2 kobold brigands
  11 bullfrogs
  2 necrophages (D:5)
  5 scorpions
  A gnoll sergeant (D:10)
  5 wights (D:7)
  Dowan (D:5)
  12 killer bees
  An electric eel (Lair:4)
  2 howler monkeys
  8 hounds
  A jelly (D:6)
  A gnoll bouda (D:8)
  6 orc priests
  4 iguanas
  11 orc wizards
  Natasha (thrice) (D:4)
  15 gnolls
  2 adders (D:2)
  An ufetubus (D:4)
  2 worms
  3 dart slugs
  54 orcs
  7 endoplasms
  A giant cockroach (D:1)
  8 goblins
  12 hobgoblins
  7 jackals
  19 kobolds
  4 quokkas
  5 ball pythons
  2 bats
  4 frilled lizards
  5 rats
344 creatures vanquished.

Vanquished Creatures (others)
  12 fungi
  19 plants
31 creatures vanquished.

Grand Total: 375 creatures vanquished

Notes
Turn   | Place    | Note
-------+----------+-------------------------------------------
     0 | D:1      | Kazon the Demigod Fighter began the quest for the Orb.
     0 | D:1      | Reached XP level 1. HP: 18/18 MP: 3/3
    46 | D:1      | Identified a scroll of acquirement
    46 | D:1      | Acquired the +0 plate armour of Eternity {rN++ Dex+7}
   319 | D:1      | Reached XP level 2. HP: 25/25 MP: 4/4
  1106 | D:3      | Found Umat's Antique Weapon Boutique.
  1372 | D:2      | Reached XP level 3. HP: 27/31 MP: 5/5
  1684 | D:2      | Reached XP level 4. HP: 34/38 MP: 6/6
  1927 | D:3      | Bought a crude falchion for 184 gold pieces
  1927 | D:3      | Identified the +3 falchion of Winter {venom, rCorr} (You
                  | bought it in a shop on level 3 of the Dungeon)
  2337 | D:4      | Noticed Eustachio
  2350 | D:4      | Killed Eustachio
  2351 | D:4      | Reached skill level 1 in Short Blades
  2351 | D:4      | Reached skill level 1 in Throwing
  2351 | D:4      | Reached XP level 5. HP: 22/45 MP: 7/7
  2548 | D:4      | You fall into a shaft and drop 2 floors!
  2561 | D:6      | Reached XP level 6. HP: 52/52 MP: 8/8
  2587 | D:6      | Reached skill level 1 in Evocations
  2650 | D:6      | Found the +6 shillelagh "Devastator" {shatter}
  2659 | D:6      | Reached XP level 7. HP: 59/59 MP: 9/9
  2756 | D:5      | Entered Level 5 of the Dungeon
  2865 | D:4      | Reached skill level 1 in Maces & Flails
  2865 | D:4      | Reached XP level 8. HP: 67/67 MP: 10/10
  2917 | D:4      | Noticed Natasha
  2921 | D:4      | Killed Natasha
  2972 | D:4      | Noticed Natasha
  2974 | D:4      | Killed Natasha
  2975 | D:4      | Reached skill level 5 in Fighting
  3407 | D:4      | Noticed Natasha
  3411 | D:4      | Killed Natasha
  4050 | D:5      | Noticed Dowan
  4051 | D:5      | Noticed Duvessa
  4058 | D:5      | Killed Duvessa
  4064 | D:5      | Killed Dowan
  4341 | D:6      | Reached skill level 5 in Armour
  4559 | D:6      | Reached XP level 9. HP: 71/74 MP: 11/11
  4763 | D:7      | Reached skill level 5 in Maces & Flails
  4840 | D:7      | Noticed Maggie
  4850 | D:7      | Killed Maggie
  5145 | D:7      | Found Binerhev's Lightly-Used Armoury.
  5262 | D:7      | Found a staircase to the Ecumenical Temple.
  5269 | D:7      | Reached skill level 5 in Evocations
  5766 | D:8      | Noticed a gargoyle
  5776 | D:8      | Killed a gargoyle
  5797 | D:8      | Reached XP level 10. HP: 36/83 MP: 13/13
  5835 | D:8      | Identified the +6 great sword of the Gloaming {distort, rC+
                  | Will+ Dex+4}
  5930 | D:8      | Reached skill level 1 in Stealth
  6162 | D:8      | Reached skill level 5 in Long Blades
  6164 | D:8      | Reached skill level 5 in Shields
  6177 | D:8      | Found a runed translucent gate.
  6177 | D:8      | Found a runed translucent gate.
  6177 | D:8      | Found a runed translucent gate.
  6181 | D:8      | Noticed LynnLen's ghost (novice SpCj)
  6181 | D:8      | Noticed bubblehead52's ghost (novice MiFi)
  6182 | D:8      | Noticed BubbleThief's ghost (novice GrEE)
  6182 | D:8      | Noticed azobrab's ghost (novice TrFi)
  6185 | D:8      | Noticed PieDemon's ghost (novice MeFi)
  7008 | D:9      | Found a runed translucent gate.
  7009 | D:9      | Found a runed translucent gate.
  7009 | D:9      | Found a runed translucent gate.
  7131 | D:9      | Noticed voltaire321's ghost (novice HOFi)
  7175 | D:9      | Found Sudgh's Antique Weapon Shop.
  7261 | D:10     | Entered Level 10 of the Dungeon
  7308 | D:10     | Found a staircase to the Lair.
  7313 | D:10     | Noticed a death yak
  7314 | D:10     | Noticed a death yak
  7332 | D:10     | Killed a death yak
  7332 | D:10     | Noticed a death yak
  7335 | D:10     | Noticed a death yak
  7336 | D:10     | Killed a death yak
  7340 | D:10     | Noticed a death yak
  7342 | D:10     | Killed a death yak
  7343 | D:10     | Reached XP level 11. HP: 64/92 MP: 14/14
  7346 | D:10     | Killed a death yak
  7351 | D:10     | Killed a death yak
  7631 | D:10     | Noticed Amaemon
  7636 | D:10     | Killed Amaemon
  7744 | D:10     | Reached skill level 5 in Throwing
  7867 | D:10     | Reached skill level 1 in Axes
  8024 | Lair:1   | Entered Level 1 of the Lair of Beasts
  8119 | Lair:1   | Noticed Erica
  8133 | Lair:1   | Killed Erica
  8443 | Lair:1   | Reached skill level 1 in Dodging
  8626 | Lair:1   | Noticed a seven-headed hydra
  8635 | Lair:1   | Killed a one-headed hydra
  8760 | Lair:1   | Upgraded the game from 0.29.0-7-g18a832c13a to
                  | 0.29.0-11-gd7f09526c8
  8790 | Lair:2   | Reached XP level 12. HP: 100/103 MP: 15/15
  8812 | Lair:2   | Found a runed translucent door.
  8818 | Lair:2   | Identified the +7 spear of Nidonaen {spect, rF+ rC+++ Will-
                  | Str-4}
  8821 | Lair:2   | Noticed Qerunwas's ghost (novice VSTm)
  9308 | Lair:2   | Noticed a boulder beetle
  9322 | Lair:2   | Killed a boulder beetle
  9651 | Lair:3   | Found a staircase to the Shoals.
  9711 | Lair:3   | Reached skill level 5 in Axes
  9854 | Lair:3   | Found a hole to the Spider Nest.
 10570 | Lair:4   | Noticed Snorg
 10586 | Lair:4   | Killed Snorg
 10753 | Lair:4   | Noticed a seven-headed hydra
 10759 | Lair:4   | Noticed Ceyroiss's ghost (journeyman HuWn)
 10816 | Lair:4   | Slain by a death yak

Illustrated notes

Levels and vault maps discovered:
D:1:      dpeg_arrival_three_smaller_balls, layout_basic
D:2:      layout_loops_ring
D:3:      layout_basic, serial_shops, nicolae_shop_stone, st_stairs_7
D:4:      minmay_razor_zed, layout_basic, worldfamousw_hep_ancestral_shrine,
          uniq_eustachio, uniq_natasha
D:5:      layout_basic, uniq_duvessa
D:6:      layout_rooms, dilly_guarded_unrand_devastator
D:7:      layout_basic, nicolae_uskayaw_dance_hall,
          mainiacjoe_overflow_six_doors_small,
          minmay_temple_entry_drinking_statues, serial_rivers,
          chequers_serial_rivers_micro_b, chequers_serial_rivers_small_a,
          chequers_serial_rivers_small_a, chequers_serial_rivers_large_a,
          chequers_serial_rivers_micro_a, minmay_shop_damaged, uniq_maggie
D:8:      minmay_tri_box, layout_loops_ring, gammafunk_ghost_cemetery,
          minmay_manual_mares
D:9:      layout_gridville, serial_shops, nicolae_take_the_stairs,
          gammafunk_ghost_ooze, minivault_11
D:10:     layout_roguey, dpeg_lair_monsters, uniq_amaemon
Lair:1:   layout_long_grid, patterned_corridor, grunt_megastairs_3,
          lemuel_fruit_tree, uniq_erica
Lair:2:   layout_gridlike, ebering_ghost_funeral_grove,
          nicolae_lair_run_with_the_wolves, serial_bayou_shore_b
Lair:3:   layout_layer_cave, elwin_shoals_entry_rooms, spider_nest_entry_webs
Lair:4:   layout_layer_cave, minmay_slime_entry_jelly_boxes,
          gammafunk_ghost_berserking_beasts, serial_bayou_shore_b,
          infiniplex_staircase_pool, lemuel_fruit_fields, serial_bayou_shore_a,
          uniq_snorg

Skill      XL: |  1  2  3  4  5  6  7  8  9 10 11 12 |
---------------+-------------------------------------+-----
Shields        | 3 4 5 6 |  6.5
Long Blades    | 2 3 4 5 6 |  6.5
Fighting       | 3 4 5 6 7 8 9 |  9.1
Armour         | 3 4 5 6 7 |  7.9
Short Blades   | 1 2 |  2.8
Throwing       | 1 3 4 5 6 |  6.1
Evocations     | 1 3 4 5 6 7 8 |  8.9
Maces & Flails | 1 4 5 7 8 9 |  9.4
Stealth        | 1 2 |  2.6
Axes           | 3 5 |  5.6
Dodging        | 1 2 |  2.7

Action                   |  1- 3 |  4- 6 |  7- 9 | 10-12 || total
-------------------------+-------+-------+-------+-------++-------
Melee: Long sword        |   124 |       |       |       ||   124
       Dagger            |     7 |    80 |       |    33 ||   120
       Falchion          |       |    34 |    52 |   104 ||   190
       Shillelagh        |       |       |   135 |   184 ||   319
       War axe           |       |       |       |   129 ||   129
Throw: Stone             |     1 |     2 |    59 |    62 ||   124
       Dart              |       |       |    26 |    51 ||    77
       Boomerang         |       |       |       |     9 ||     9
Evoke: Wand              |       |       |       |     2 ||     2
  Use: Scroll            |     1 |       |     6 |     3 ||    10
       Potion            |       |       |       |     1 ||     1
 Stab: Distracted        |     1 |       |       |       ||     1
       Sleeping          |       |       |       |     3 ||     3
Armor: Scale mail        |    24 |       |       |       ||    24
       Plate armour      |    73 |    48 |    97 |   112 ||   330
       Troll leather arm |       |       |       |    66 ||    66
Dodge: Dodged            |    37 |    29 |    44 |   181 ||   291
Block: Buckler           |    29 |    33 |    42 |   139 ||   243
